AoeStats
← OldCharlie131

Arabia

509626680Analyzed
1v1 RM · 5d ago on Sep 27, 2026· 49m 58s· 2 players
Game mode
Random Map
Map size
Tiny (2 player)
Population
200
Speed
Normal
Resources
Standard
Victory
Conquest
Starting age
Dark Age
Ending age
Imperial Age
RankedLock teamsTeams togetherTeam positionsShared explorationLock speedFull tech treeHidden civsTurbo modeCheats
Victory
Defeat
🇩🇪 Saxons · Germany
1348
+14
🇬🇷 Magyars · Greece
1297
-14
OldCharlie131
6:29 Loom
9:11 Feudal Age
9:47 Man-at-Arms
10:17 Double-Bit Axe
20:33 Fletching
20:43 Padded Archer Armor
24:51 Castle Age
24:12 Scale Mail Armor
24:23 Forging
24:31 Horse Collar
24:45 Gold Mining
28:21 Squires
33:48 Chain Mail Armor
46:11 Imperial Age
45:43 Bodkin Arrow
46:23 Iron Casting
47:50 Wheelbarrow
47:00 Town Watch
50:03 Conscription
49:06 Shield Wall
50:36 Hand Cart
50:33 Bow Saw
Dancergr
6:36 Loom
9:31 Feudal Age
10:05 Double-Bit Axe
10:19 Horse Collar
18:43 Fletching
22:50 Wheelbarrow
24:31 Castle Age
22:38 Padded Archer Armor
23:34 Scale Barding Armor
24:17 Bloodlines
24:54 Gold Mining
25:59 Husbandry
26:30 Bow Saw
28:57 Gold Shaft Mining
33:48 Bodkin Arrow
45:18 Wheelbarrow
47:08 Heavy Plow
47:25 Town Watch
48:15 Corvinian Army
49:08 Corvinian Army
49:28 Hand Cart
49:48 Chain Barding Armor
Connection lost

Rejoining the realm…

Still unreachable

The connection could not be restored.

Session expired

The server has moved on; the page needs a fresh start.